 Dungeon Sprint DCSS version 0.30-a0-219-gf2db51d15e (webtiles) character file.

Game seed: 2341949185298378539

13 rocky1 the Grasshopper (level 2, 0/25 HPs)
             Began as a Draconian Warper on Oct 8, 2022.
             Was an Initiate of Cheibriados.
             Slain by a scorpion (4 damage)
             ... in the Dungeon (Sprint VII: "The Pits").
             The game lasted 00:01:07 (101 turns).

rocky1 the Grasshopper (Draconian Warper)            Turns: 101, Time: 00:01:08

Health: 0/25       AC:  4    Str: 14    XL:     2   Next: 24%
Magic:  3/5        EV: 12    Int: 14    God:    Cheibriados [......]
Gold:   0          SH:  0    Dex: 11    Spells: 6/6 levels left

rFire   . . .      SeeInvis .    l - +2 trident
rCold   . . .      Faith    .    (no shield)
rNeg    . . .      Spirit   .    (body armour unavailable)
rPois   .          Reflect  .    (helmet restricted)
rElec   .          Harm     .    (no cloak)
rCorr   .          Rampage  .    (no gloves)
Will    .....      NoTele   +    (no boots)
Stlth   +.........               (no amulet)
HPRegen 0.24/turn                (no ring)
MPRegen 0.09/turn                (no ring)

@: lethally poisoned (0 -> -1), very slow
A: AC +4, unfitting armour, cold-blooded
a: Renounce Religion


You were in the Dungeon.
You worshipped Cheibriados.
Cheibriados was noncommittal.
You visited 1 branch

Inventory:

Hand Weapons
 a - a +0 spear
 l - a +2 trident (weapon)
Missiles
 c - 7 boomerangs of dispersal (quivered)
Scrolls
 b - 2 scrolls of blinking
 j - 5 scrolls of amnesia
 k - a scroll of summoning
Potions
 d - a potion of curing
 e - a potion of heal wounds
 f - a potion of haste
 g - 4 potions of magic
 h - 3 potions of berserk rage
 i - 2 potions of invisibility


   Skills:
 + Level 2.8 Fighting
 + Level 2.5 Polearms
 - Level 0.8 Throwing
 + Level 2.6 Dodging
 + Level 1.0 Stealth
 + Level 2.6 Spellcasting
 + Level 3.7 Translocations
 + Level 1.0 Invocations


You had 6 spell levels left.
You didn't know any spells.
Your spell library contained the following spells:

 Spells                   Type           Power      Damage    Failure   Level
 Blink                    Tloc           24%        N/A       7%          2
 Lesser Beckoning         Tloc           24%        N/A       14%         3
 Teleport Other           Tloc           12%        N/A       14%         3
 Vhi's Electric Charge    Tloc/Air       14%        N/A       30%         3
 Manifold Assault         Tloc           12%        N/A       43%         4


Dungeon Overview and Level Annotations

Branches:
Dungeon (1/1)

Altars:
Ashenzari
Cheibriados
Dithmenos
Elyvilon
Fedhas
Gozag
Hepliaklqana
Kikubaaqudgha
Makhleb
Nemelex Xobeh
Okawaru
Qazlal
Ru
Sif Muna
Trog
Uskayaw
Vehumet
Wu Jian
Xom
Yredelemnul
Zin
The Shining One
Jiyva
Lugonu


Innate Abilities, Weirdness & Mutations

Your plain brown scales are hard. (AC +4)
You cannot fit into any form of body armour.
You are cold-blooded and may be slowed by cold attacks.


Message History

You barely miss the river rat.
You tail-slap the river rat, but do no damage.
The river rat is almost dead.
The river rat bites you.
You barely miss the river rat.
The river rat is almost dead.
The river rat barely misses you.
You hit the river rat.
You kill the river rat!
Cheibriados appreciates the change of pace.
The scorpion stings you.
You are poisoned.
The scorpion poisons you!
Your Stealth skill increases to level 1!
Your Invocations skill increases to level 1!
You have reached level 2!
Okay, then.
You barely miss the scorpion.
You feel sick. The scorpion closely misses you.
You hit the scorpion.
The scorpion is lightly wounded.
You feel sick. The scorpion stings you.
You barely miss the scorpion.
Your tail-slap misses the scorpion.
The scorpion is lightly wounded.
You feel sick. The scorpion barely misses you. The scorpion closely misses you.
You hit the scorpion. You tail-slap the scorpion.
The scorpion is severely wounded.
The scorpion stings you.
You hit the scorpion.
The scorpion is severely wounded.
You feel sick. The scorpion stings you.
* * * LOW HITPOINT WARNING * * *
The scorpion misses you.
You barely miss the scorpion.
The scorpion is severely wounded.
You feel sick. The scorpion closely misses you.
Unknown command.
You hit the scorpion.
The scorpion is almost dead.
You feel sick. The scorpion stings you.
You die...

############
#_________.#
#_________.#
#_______...###########++
##########'##...........
#.?(.')))'.##......#..#.
##########.##...........
#......@....'...........
#+#####s#####......#..#.
... #........... #...#
####'#####++ #####
#.......# #.......#
#.......# #...<...#
#.......#


You could see a scorpion.

Vanquished Creatures
  A river rat (D)
  An adder skeleton (D)
2 creatures vanquished.

Notes
Turn   | Place    | Note
-------+----------+-------------------------------------------
     0 | D        | rocky1 the Draconian Warper began the quest for the Orb.
     0 | D        | Reached XP level 1. HP: 17/17 MP: 3/3
    26 | D        | Found a bloodstained altar of Trog.
    26 | D        | Found a shimmering blue altar of Sif Muna.
    26 | D        | Found a viscous altar of Jiyva.
    26 | D        | Found a hazy altar of Hepliaklqana.
    26 | D        | Found an opulent altar of Gozag.
    53 | D        | Found a glowing golden altar of the Shining One.
    53 | D        | Found a glowing silver altar of Zin.
    53 | D        | Found a basalt altar of Yredelemnul.
    53 | D        | Found a shimmering altar of Xom.
    53 | D        | Found an ornate altar of the Wu Jian Council.
    53 | D        | Found a sacrificial altar of Ru.
    53 | D        | Found a stormy altar of Qazlal.
    53 | D        | Found an iron altar of Okawaru.
    53 | D        | Found a sparkling altar of Nemelex Xobeh.
    53 | D        | Found a burning altar of Makhleb.
    53 | D        | Found a blossoming altar of Fedhas.
    53 | D        | Found a white marble altar of Elyvilon.
    53 | D        | Found a shadowy altar of Dithmenos.
    53 | D        | Found a snail-covered altar of Cheibriados.
    56 | D        | Found a corrupted altar of Lugonu.
    56 | D        | Found a radiant altar of Vehumet.
    57 | D        | Found an ancient bone altar of Kikubaaqudgha.
    57 | D        | Found a hide-covered altar of Uskayaw.
    57 | D        | Found a broken altar of Ashenzari.
    66 | D        | Became a worshipper of Cheibriados the Contemplative
    83 | D        | Noticed a scorpion
    95 | D        | Reached skill level 1 in Stealth
    95 | D        | Reached skill level 1 in Invocations
    95 | D        | Reached XP level 2. HP: 16/25 MP: 3/5
   101 | D        | Slain by a scorpion

Illustrated notes

Levels and vault maps discovered:
D:        pitsprint [storerooms_1, entrance_room_1, metal_vault_1, armoury_2,
          mini_pit_1, grid_room_1, main_hall_1, silver_pit, the_coven_2,
          the_vestibule_1, steel_vault_4, golden_pit, hallway_of_sentries,
          crystal_vault_2, iron_vault_2, final_vault]

Skill      XL: |  1 |
---------------+----+-----
Stealth        | 1 |  1.0
Invocations    | 1 |  1.0
Fighting       | |  2.8
Polearms       | |  2.5
Throwing       | |  0.8
Dodging        | |  2.6
Spellcasting   | |  2.6
Translocations | |  3.7

Action                   || total
-------------------------++-------
Melee: Trident           ||    18
       Spear             ||     9
       Tailslap          ||     3
Armor: Skin              ||     2
Dodge: Dodged            ||    17

Table legend: (Time is in decaauts)
 A = Elapsed time spent in this place.
 B = Non-inter-level travel time spent in this place.
 C = Inter-level travel time spent in this place.
 D = Time resting spent in this place.
 E = Time spent auto-exploring this place.
 F = Levels seen in this place.
 G = Mean time per level.
                   A        B        C        D        E       F      G
               +--------+--------+--------+--------+--------+-----+--------+
         Total |    108 |    108 |      0 |      0 |      0 |   1 |  108.0 |
       Dungeon |    108 |    108 |      0 |      0 |      0 |   1 |  108.0 |
               +--------+--------+--------+--------+--------+-----+--------+

Top non-repeatable levels by time:
       D: 108 daAuts
